 Dungeon Crawl Stone Soup version 0.21.0-3-g78d12a8 (webtiles) character file.

121 inmateoo the Skirmisher (level 4, -8/41 HPs)
             Began as a Minotaur Fighter on Jan 11, 2018.
             Mangled by an ogre
             ... wielding a +0 giant club
              (24 damage)
             ... on level 4 of the Dungeon.
             The game lasted 00:03:19 (2215 turns).

inmateoo the Skirmisher (Minotaur Fighter)          Turns: 2215, Time: 00:03:19

Health: -8/41      AC:  8    Str: 25    XL:     4   Next: 77%
Magic:  3/3        EV: 11    Int:  5    God:
Gold:   295        SH: 10    Dex: 15    Spells: 3/3 levels left

rFire    . . .     SeeInvis .   a - +1 long sword
rCold    + . .     Gourm    .   c - +0 shield
rNeg     . . .     Faith    .   q - +1 scale mail {rC+}
rPois    .         Spirit   .   (helmet restricted)
rElec    .         Reflect  .   (no cloak)
rCorr    .         Harm     .   (no gloves)
MR       .....                  (no boots)
Stlth    ..........             (no amulet)
HPRegen  0.13/turn              g - +4 ring of dexterity
MPRegen  0.08/turn              h - +3 ring of evasion

@: mighty
A: retaliatory headbutt, horns 2
a: no special abilities


You were on level 4 of the Dungeon.
You were not hungry.

You visited 1 branch of the dungeon, and saw 4 of its levels.

You collected 295 gold pieces.

Inventory:

Hand Weapons
 a - a +1 long sword (weapon)
Armour
 c - a +0 shield (worn)
 q - a +1 scale mail of cold resistance (worn)
Jewellery
 g - a +4 ring of dexterity (left hand)
 h - a +3 ring of evasion (right hand)
 l - an uncursed ring of wizardry {unknown}
 o - an uncursed ring of magical power {unknown}
 p - an uncursed ring of see invisible {unknown}
Scrolls
 j - 2 scrolls of fog
 k - 3 scrolls of magic mapping
Potions
 i - a potion of haste {unknown}
 m - a potion of brilliance {unknown}
 n - 2 potions of agility {unknown}
 r - a potion of cancellation {unknown}
Comestibles
 f - 8 rations


   Skills:
 + Level 4.4 Fighting
 * Level 3.8 Long Blades
 + Level 4.3 Armour
 + Level 1.4 Dodging
 + Level 4.4 Shields


You had 3 spell levels left.
You didn't know any spells.

Dungeon Overview and Level Annotations

Branches:
Dungeon (4/15)             Temple (0/1) D:4

Altars:
Cheibriados
Hepliaklqana
The Shining One

Shops:
D:4 :


Innate Abilities, Weirdness & Mutations

You reflexively headbutt those who attack you in melee.
You have a pair of horns on your head.


Message History

You open the door.
Found a staircase to the Ecumenical Temple.
An ogre comes into view. It is wielding a giant club.
The ogre shouts!
There is an open door here.
There is an open door here.
You swing at nothing.
You swing at nothing.
The ogre hits you with a giant club!!
Ouch! That really hurt!
An ogre comes into view. It is wielding a giant spiked club.
The ogre shouts!
Okay, then.
Okay, then.
Unknown command.
You feel very mighty all of a sudden.
You barely miss the ogre. You headbutt the ogre!
The ogre is heavily wounded.
The ogre hits you with a giant club!!
Ouch! That really hurt!
You die...

#......# ......#
....O# ....# ...#
..########## ###
#......##...####.#
#@.....#..........
#O.....#..........
#......#..........
#......#....##...#
###'###..#....##...#
#.....#..#..........
#.....#..#..........
#.....#..#..........
+..>..#..#..........


You could see 2 ogres.

Vanquished Creatures
  4 adders (D:2)
  An ooze (D:1)
  3 worms
  A dart slug (D:1)
  6 orcs (D:3)
  A ball python (D:1)
  8 bats
  4 giant cockroaches
  6 hobgoblins
  A quokka (D:4)
  5 frilled lizards
  8 goblins
  9 kobolds
  A quokka skeleton (D:4)
  7 rats
65 creatures vanquished.

Notes
Turn   | Place    | Note
-------+----------+-------------------------------------------
     0 | D:1      | inmateoo the Minotaur Fighter began the quest for the Orb.
     0 | D:1      | Reached XP level 1. HP: 19/19 MP: 0/0
   103 | D:1      | Found a glowing golden altar of the Shining One.
   146 | D:1      | Reached XP level 2. HP: 25/27 MP: 1/1
   526 | D:1      | Reached XP level 3. HP: 32/33 MP: 2/2
   834 | D:2      | Reached skill level 1 in Dodging
   911 | D:2      | Reached XP level 4. HP: 32/40 MP: 3/3
   915 | D:2      | Found a snail-covered altar of Cheibriados.
  1082 | D:2      | Found a hazy altar of Hepliaklqana.
  2128 | D:4      | Found Abus's Book Boutique.
  2204 | D:4      | Found a staircase to the Ecumenical Temple.
  2205 | D:4      | Noticed an ogre
  2213 | D:4      | Noticed an ogre
  2215 | D:4      | Mangled by an ogre

Skill      XL: |  1  2  3 |
---------------+----------+-----
Fighting       | 4 |  4.4
Shields        | 4 |  4.4
Long Blades    | 3 |  3.8
Armour         | 4 |  4.3
Dodging        | 1 |  1.4

Action                   |  1- 3 |  4- 6 || total
-------------------------+-------+-------++-------
Melee: Long sword        |    72 |    65 ||   137
       Headbutt          |    12 |    16 ||    28
  Use: Scroll            |     6 |     5 ||    11
       Potion            |       |     1 ||     1
  Eat: Chunk             |       |     4 ||     4
Armor: Scale mail        |    22 |    11 ||    33
Dodge: Dodged            |    26 |    21 ||    47
Block: Shield            |    35 |    39 ||    74
       Rpst.: Long sword |     7 |     5 ||    12
